 Dungeon Crawl Stone Soup version 0.29-a0-414-g5075937ec3 (webtiles) character file.

Game seed: 17228497063505584436

20 pokeman the Magician (level 2, -1/16 HPs)
             Began as a Deep Elf Hedge Wizard on May 15, 2022.
             Slain by a gnoll
             ... wielding a +0 flail
              (5 damage)
             ... on level 1 of the Dungeon.
             The game lasted 00:01:24 (839 turns).

pokeman the Magician (Deep Elf Hedge Wizard)         Turns: 839, Time: 00:01:25

Health: -1/16      AC:  3    Str:  7    XL:     2   Next: 58%
Magic:  8/9        EV: 11    Int: 18    God:
Gold:   36         SH:  0    Dex: 14    Spells: 9/10 levels left

rFire   + . .      SeeInvis .   f - +0 hunting sling
rCold   + . .      Faith    .   (no shield)
rNeg    . . .      Spirit   .   h - +0 leather armour
rPois   .          Reflect  .   c - +0 hat
rElec   .          Harm     .   j - scarf {rC+ rF+}
rCorr   .          Rampage  .   (no gloves)
Will    .....                   (no boots)
Stlth   ++........              (no amulet)
HPRegen 0.05/turn               (no ring)
MPRegen 0.11/turn               (no ring)

@: no status effects
A: no striking features
a: no special abilities


You were on level 1 of the Dungeon.
You visited 1 branch of the dungeon, and saw 1 of its levels.

You collected 36 gold pieces.

Inventory:

Hand Weapons
 f - a +0 hunting sling (weapon)
Armour
 c - a +0 hat (worn)
 h - a +0 leather armour (worn)
 j - a scarf of resistance (worn)
Scrolls
 g - 3 scrolls of teleportation {unknown}
 i - a scroll of identify {unknown}
Potions
 a - a potion of brilliance {unknown}
 b - a potion of curing {unknown}
 d - a potion of magic
 e - a potion of cancellation {unknown}
 k - 2 potions of flight {unknown}


   Skills:
 + Level 0.5 Fighting
 + Level 0.5 Armour
 - Level 2.4 Dodging
 - Level 2.4 Stealth
 * Level 4.9 Spellcasting
 + Level 1.6 Conjurations
 - Level 1.1 Summonings
 - Level 1.1 Translocations


You had 9 spell levels left.
You knew the following spells:

 Your Spells              Type           Power      Damage    Failure   Level
a - Magic Dart            Conj           40%        1d5       10%         1

Your spell library contained the following spells:

 Spells                   Type           Power      Damage    Failure   Level
 Blink                    Tloc           16%        N/A       19%         2
 Call Imp                 Summ           8%         N/A       19%         2
 Slow                     Hex            16%        N/A       21%         1
 Conjure Flame            Conj/Fire      7%         6-21      38%         3
 Mephitic Cloud           Conj/Pois/Air  6%         N/A       43%         3


Dungeon Overview and Level Annotations

Branches:
Dungeon (1/15)

Altars:


Message History

Unknown command.
As you open the door, it creaks loudly!
You hear a shout!
A bat comes into view.
The bat hits you.
There is an open door here.
Fire: f) +0 hunting sling
Press: ? - help, Q - select action, (/) - cycle Shift-Dir - straight line, f - bat
Aim: a bat (37% to hit)
You shoot a sling bullet. The sling bullet hits the bat.
You kill the bat!
A gnoll comes into view. It is wielding a +0 flail.
Fire: f) +0 hunting sling
Press: ? - help, Q - select action, (/) - cycle Shift-Dir - straight line, f - gnoll
Aim: a gnoll, wielding a +0 flail (58% to hit)
You shoot a sling bullet.
The sling bullet barely misses the gnoll.
Fire: f) +0 hunting sling
Press: ? - help, Q - select action, (/) - cycle Shift-Dir - straight line, f/p - gnoll
Aim: a gnoll, wielding a +0 flail (58% to hit)
You shoot a sling bullet. The sling bullet hits the gnoll.
The gnoll is moderately wounded.
The gnoll closely misses you. The gnoll hits you with a +0 flail!
Ouch! That really hurt!
The gnoll attacks as you move away! The gnoll barely misses you.
Fire: f) +0 hunting sling
Press: ? - help, Q - select action, (/) - cycle Shift-Dir - straight line, f/p - gnoll
Aim: a gnoll, wielding a +0 flail (moderately wounded, 58% to hit)
You shoot a sling bullet. The sling bullet hits the gnoll.
The gnoll is heavily wounded.
The gnoll hits you with a +0 flail.
* * * LOW HITPOINT WARNING * * *
Casting: Magic Dart (safe; 10% risk of failure)
Confirm with . or Enter, or press ? or * to list all spells.
Aiming: Magic Dart (safe; 10% risk of failure)
Press: ? - help, Shift-Dir - straight line, f/p - gnoll
Aim: a gnoll, wielding a +0 flail (heavily wounded, 100% to hit)
The magic dart hits the gnoll.
The gnoll is heavily wounded.
The gnoll hits you with a +0 flail.
You die...

#.# #.# #.#
.# #.# .#
#.# .######
#.# ......#
#.# ......#
#.# ......#
#@##......#
#.g'.......
####.......
##.....
.... ... ..
.


You could see a gnoll.

Vanquished Creatures
  3 bats (D:1)
  2 endoplasms (D:1)
  2 goblins (D:1)
  A hobgoblin (D:1)
  A quokka (D:1)
  4 ball pythons (D:1)
  A frilled lizard (D:1)
  A kobold (D:1)
  5 rats (D:1)
20 creatures vanquished.

Notes
Turn   | Place    | Note
-------+----------+-------------------------------------------
     0 | D:1      | pokeman the Deep Elf Hedge Wizard began the quest for the
                  | Orb.
     0 | D:1      | Reached XP level 1. HP: 10/10 MP: 7/7
   112 | D:1      | Reached XP level 2. HP: 16/16 MP: 9/9
   839 | D:1      | Slain by a gnoll

Illustrated notes

Levels and vault maps discovered:
D:1:      dpeg_arrival_refuge, layout_basic, columned_hall_lemuel, st_stairs_3,
          hangedman_decor_push, serial_bayou_pond_d

Action                   || total
-------------------------++-------
 Fire: Hunting sling     ||    42
 Cast: Magic Dart        ||     1
Armor: Leather armour    ||     2
Dodge: Dodged            ||     6

Table legend: (Time is in decaauts)
 A = Elapsed time spent in this place.
 B = Non-inter-level travel time spent in this place.
 C = Inter-level travel time spent in this place.
 D = Time resting spent in this place.
 E = Time spent auto-exploring this place.
 F = Levels seen in this place.
 G = Mean time per level.
                   A        B        C        D        E       F      G
               +--------+--------+--------+--------+--------+-----+--------+
         Total |    860 |    860 |      0 |      0 |    718 |   1 |  860.0 |
       Dungeon |    860 |    860 |      0 |      0 |    718 |   1 |  860.0 |
               +--------+--------+--------+--------+--------+-----+--------+

Top non-repeatable levels by time:
     D:1: 860 daAuts
